 Dungeon Crawl Stone Soup version 0.31-a0-174-g85c54bcb58 (webtiles) character file.

Game seed: 1031152467423507652

321 qw the Chopper (level 6, 0/41 HPs)
             Began as a Gargoyle Fighter on June 15, 2023.
             Was an Initiate of Okawaru.
             Slain by a gnoll
             ... wielding a +1 whip of freezing
             ... led by a gnoll bouda
              (2 damage)
             ... on level 4 of the Dungeon.
             The game lasted 00:01:47 (3274 turns).

qw the Chopper (Gargoyle Fighter)                   Turns: 3274, Time: 00:01:48

Health: 0/41       AC: 19    Str: 22    XL:     6   Next: 46%
Magic:  6/6        EV:  6    Int:  8    God:    Okawaru [......]
Gold:   184        SH:  4    Dex:  9    Spells: 5/5 levels left

rFire   . . .        Y - +1 war axe
rCold   . . .        c - +0 buckler
rNeg    + . .        h - +0 plate armour
rPois   inf          q - +0 helmet
rElec   +            (no cloak)
rCorr   .            (no gloves)
SInv    .            (no boots)
Will    ++...        (no amulet) Stlth
                     k - ring of willpower
HPRegen 0.26/turn    (no ring)
MPRegen 0.10/turn

%: no passive effects
@: no status effects
A: sickness immunity, AC +4, negative energy resistance 1, electricity
resistance, torment resistance 1, petrification resistance, iridescent scales 1,
strong-willed 1, robust 1
a: Renounce Religion


You were on level 4 of the Dungeon.
You worshipped Okawaru.
Okawaru was noncommittal.
You visited 2 branches of the dungeon, and saw 5 of its levels.

You collected 184 gold pieces.


Innate Abilities, Weirdness & Mutations

You are immune to sickness and miasma.
Your stone body is resilient. (AC +4)
You are immune to poison.
You resist negative energy. (rN+)
You are resistant to electric shocks. (rElec)
You are resistant to unholy torment.
You are immune to petrification.
You are partially covered in iridescent scales. (AC +2)
You are strong-willed. (Will+)
You are robust. (+10% HP)


   Skills:
 - Level 4.3 Fighting
 + Level 5.3 Axes
 - Level 1.2 Throwing
 - Level 3.2 Armour
 - Level 3.2 Shields


You had 5 spell levels left.
You didn't know any spells.
Your spell library was empty.

Inventory:

Hand Weapons
 m - a +0 mace
 Y - a +1 war axe (weapon)
Missiles
 t - 2 javelins (quivered)
Armour
 b - a +0 pair of gloves
 c - a +0 buckler (worn)
 h - a +0 plate armour (worn)
 q - a +0 helmet (worn)
Jewellery
 k - a ring of willpower (left hand)
 p - a +4 ring of protection
Wands
 e - a wand of digging (5)
Scrolls
 a - 2 scrolls of identify
 j - 3 scrolls of teleportation
 s - a scroll of immolation {unknown}
 u - a scroll of fear {unknown}
 v - 3 scrolls of poison {unknown}
Potions
 d - a potion of might
 f - a potion of lignification {unknown}
 g - 2 potions of mutation
 i - a potion of resistance {unknown}
 l - a potion of attraction {unknown}
 n - a potion of cancellation {unknown}
 o - 3 potions of curing
 r - a potion of heal wounds {unknown}

Dungeon Overview and Level Annotations

Branches:
Dungeon (4/15)             Temple (1/1) D:4

Altars:
Ashenzari
Cheibriados
Elyvilon
Fedhas
Hepliaklqana
Kikubaaqudgha
Makhleb
Nemelex Xobeh
Okawaru
Qazlal
Ru
Sif Muna
Trog
Uskayaw
Vehumet
Wu Jian
Xom
Yredelemnul
Zin
The Shining One


Message History

The gnoll bouda hits you with a +0 club.
The gnoll hits you with a +1 whip of freezing.
The gnoll freezes you.
You slash the gnoll bouda!
You kill the gnoll bouda!
Okawaru accepts your kill.
You completely miss the gnoll. You barely miss the gnoll.
The gnoll hits you but does no damage. The gnoll closely misses you.
The gnoll hits you but does no damage.
Your Throwing skill increases to level 1!
You closely miss the gnoll.
The gnoll is moderately wounded.
You hit the gnoll. The gnoll hits you but does no damage.
The gnoll hits you with a +0 whip.
The gnoll hits you with a +1 whip of freezing.
The gnoll freezes you.
You barely miss the gnoll.
The gnoll is moderately wounded.
You hit the gnoll but do no damage. The gnoll hits you but does no damage.
A gnoll comes into view. It is wielding a +0 spear.
The gnoll hits you with a +1 whip of freezing.
The gnoll freezes you.
You slash the gnoll!
You kill the gnoll!
Okawaru accepts your kill.
You barely miss the gnoll.
The gnoll hits you with a +1 whip of freezing.
The gnoll freezes you.
You hit the gnoll.
The gnoll is moderately wounded.
The gnoll barely misses you.
You hit the gnoll.
The gnoll is heavily wounded.
The gnoll hits you with a +1 whip of freezing.
The gnoll freezes you.
The gnoll hits you from afar with a +0 spear.
The gnoll hits you with a +1 whip of freezing.
The gnoll freezes you.
You die...

....#.......#.........# #.#.#.###
##..##.#....#.#.####### #.#.#....
##..#...#.#...#.###### #.#.#####
....#.........#.#....# #.#......
#.......#.....#.#....####.#######
......#####..............>.......
###......[........#######.#######
#.....#...#..#)................ #
##........#..g@...#####.####### #
#....#.#.##.#)...<..##.####... #
###......#..g#.#...%......#.## ##
#......#.......##....##.#.## .#
###........#....'.....#.#.## .#
#......#####.##.....#.#.## #
#.###........##.....#.#.## #
#........##..)..#.#.##
#......#######..#....#


You could see 2 gnolls.

Vanquished Creatures
  A scorpion (D:4)
  A howler monkey (D:4)
  A gnoll bouda (D:4)
  Jessica (D:2)
  Robin (D:3)
  A gnoll (D:4)
  5 adders
  2 worms
  An orc (D:4)
  6 ball pythons
  15 endoplasms
  7 giant cockroaches
  8 hobgoblins
  3 jackals (D:1)
  4 quokkas
  5 bats
  3 frilled lizards
  18 goblins
  3 kobolds
  8 rats
94 creatures vanquished.

Notes
Turn   | Place    | Note
-------+----------+-------------------------------------------
     0 | D:1      | qw the Gargoyle Fighter began the quest for the Orb.
     0 | D:1      | Reached XP level 1. HP: 14/14 MP: 1/1
     0 | D:1      | 0 ||| qw: Version: 0.2-a-29-g511e9b1
     0 | D:1      | 0 ||| qw: Game counter: 5317
     0 | D:1      | 0 ||| qw: Always use a shield: true
     0 | D:1      | 0 ||| qw: God list: Okawaru
     0 | D:1      | 0 ||| qw: Allow faded altars: false
     0 | D:1      | 0 ||| qw: Do Orc after D:15 true
     0 | D:1      | 0 ||| qw: Do second Lair branch before Depths: true
     0 | D:1      | 0 ||| qw: Lair rune preference: random
     0 | D:1      | 0 ||| qw: Plans: Normal, Zot:1-4, Slime:5, God:TSO, Crypt,
                  | Tomb, Abyss, Pan, Hells, Win
     0 | D:1      | 0 ||| PLANNING D:1-11
    85 | D:1      | Reached skill level 2 in Axes
   101 | D:1      | Found a faded altar of an unknown god.
   176 | D:1      | Reached XP level 2. HP: 18/19 MP: 2/2
   253 | D:1      | 253 ||| Stepping ~*~*~tactically~*~*~ (stealth).
   255 | D:1      | 255 ||| Stepping ~*~*~tactically~*~*~ (stealth).
   285 | D:1      | 285 ||| DROPPING +0 club.
   416 | D:1      | Reached skill level 3 in Axes
   450 | D:1      | Reached XP level 3. HP: 20/23 MP: 3/3
   466 | D:1      | 466 ||| Stepping ~*~*~tactically~*~*~ (stealth).
   733 | D:1      | 733 ||| UPGRADING to +0 chain mail.
   743 | D:1      | 743 ||| DROPPING +0 scale mail.
   744 | D:1      | 744 ||| READING scroll labelled FAREUCK ZOJEDWI.
   745 | D:1      | 745 ||| READING scroll labelled GAAHAU WINKEUFF.
   746 | D:1      | 746 ||| READING scroll labelled QOGGEG LODIS.
   747 | D:1      | 747 ||| READING 2 scrolls labelled FAOGEI BUFUROE.
   751 | D:1      | 751 ||| DRINKING 3 bubbling sapphire potions.
   752 | D:1      | 752 ||| DROPPING 2 potions of brilliance.
   948 | D:2      | 948 ||| Stepping ~*~*~tactically~*~*~ (hiding).
   949 | D:2      | 949 ||| Stepping ~*~*~tactically~*~*~ (hiding).
  1171 | D:2      | Noticed Jessica
  1178 | D:2      | Killed Jessica
  1179 | D:2      | Reached skill level 4 in Axes
  1179 | D:2      | Reached XP level 4. HP: 22/28 MP: 4/4
  1221 | D:2      | 1221 ||| Stepping ~*~*~tactically~*~*~ (stealth).
  1225 | D:2      | 1225 ||| Stepping ~*~*~tactically~*~*~ (stealth).
  1226 | D:2      | 1226 ||| Stepping ~*~*~tactically~*~*~ (stealth).
  1289 | D:2      | Identified the staff of air "Umeva" {rElec rN+ Int+3}
  1847 | D:2      | 1847 ||| READING 2 scrolls labelled ZIADEZ TOJIE.
  1848 | D:2      | 1848 ||| DRINKING 3 puce potions.
  1849 | D:2      | 1849 ||| DROPPING scroll of noise.
  1940 | D:3      | 1940 ||| Stepping ~*~*~tactically~*~*~ (stealth).
  1941 | D:3      | 1941 ||| Stepping ~*~*~tactically~*~*~ (stealth).
  1948 | D:3      | 1948 ||| Stepping ~*~*~tactically~*~*~ (stealth).
  1949 | D:3      | 1949 ||| Stepping ~*~*~tactically~*~*~ (stealth).
  1953 | D:3      | 1953 ||| Stepping ~*~*~tactically~*~*~ (stealth).
  2014 | D:3      | 2014 ||| Stepping ~*~*~tactically~*~*~ (stealth).
  2204 | D:3      | Reached XP level 5. HP: 31/32 MP: 5/5
  2302 | D:3      | 2302 ||| Stepping ~*~*~tactically~*~*~ (stealth).
  2304 | D:3      | 2304 ||| Stepping ~*~*~tactically~*~*~ (stealth).
  2330 | D:3      | 2330 ||| Stepping ~*~*~tactically~*~*~ (hiding).
  2336 | D:3      | Noticed Robin
  2350 | D:3      | Killed Robin
  2514 | D:3      | Reached skill level 5 in Axes
  2522 | D:3      | 2522 ||| UPGRADING to +0 plate armour.
  2532 | D:3      | 2532 ||| DROPPING +0 chain mail.
  2533 | D:3      | 2533 ||| UPGRADING to +0 helmet.
  2538 | D:3      | 2538 ||| UPGRADING to ring of willpower.
  2539 | D:3      | 2539 ||| DRINKING 2 fuming red potions.
  2539 | D:3      | Gained mutation: You are robust. (+10% HP) [potion of
                  | mutation]
  2539 | D:3      | Gained mutation: You are partially covered in iridescent
                  | scales. (AC +2) [potion of mutation]
  2539 | D:3      | Gained mutation: You are strong-willed. (Will+) [potion of
                  | mutation]
  2549 | D:3      | 2549 ||| READING 2 scrolls of identify.
  2549 | D:3      | 2549 ||| IDENTIFYING emerald potion
  2550 | D:3      | 2550 ||| DROPPING potion of degeneration.
  2637 | D:4      | Reached XP level 6. HP: 37/41 MP: 6/6
  2665 | D:4      | 2665 ||| Stepping ~*~*~tactically~*~*~ (stealth).
  2680 | D:4      | Found a staircase to the Ecumenical Temple.
  2681 | D:4      | 2681 ||| PLANNING TEMPLE
  2691 | Temple   | Entered the Ecumenical Temple
  2807 | Temple   | 2807 ||| PLANNING OKAWARU WORSHIP
  2885 | Temple   | Became a worshipper of Warmaster Okawaru
  2886 | Temple   | 2886 ||| PLANNING D:1-11
  3117 | D:4      | 3117 ||| Stepping ~*~*~tactically~*~*~ (stealth).
  3118 | D:4      | 3118 ||| Stepping ~*~*~tactically~*~*~ (stealth).
  3270 | D:4      | Reached skill level 1 in Throwing
  3274 | D:4      | HP: 9/41 [gnoll/+1 whip of freezing[a gnoll bouda] (5)]
  3274 | D:4      | HP: 2/41 [gnoll/+1 whip of freezing[a gnoll bouda] (4)]
  3274 | D:4      | Slain by a gnoll

Levels and vault maps discovered:
D:1:      dpeg_arrival_three_bigger_balls, layout_basic,
          ebering_ecumenical_altar_sacrificial, minmay_3d_cube
D:2:      layout_loops_corners, kennysheep_crisscross,
          kennysheep_generic_room_12, uniq_jessica
D:3:      layout_rooms, kennysheep_generic_room_8, uniq_robin
D:4:      layout_basic, minmay_temple_entry_steel_oval, hangedman_decor_lopped,
          chequers_serial_rivers_micro_b, grunt_ministairs_1
Temple:   nicolae_temple_slightly_damp_pantheon

Skill      XL: |  1  2  3  4  5  6 |
---------------+-------------------+-----
Axes           | 2 3 4 5 |  5.3
Fighting       | 4 |  4.3
Throwing       | 1 |  1.2
Armour         | |  3.2
Shields        | |  3.2

Action                     |  1- 3 |  4- 6 || total
---------------------------+-------+-------++-------
  Melee: War axe           |    99 |   153 ||   252
  Throw: Javelin           |       |    10 ||    10
    Use: Scroll            |     4 |     2 ||     6
         Potion            |     1 |     2 ||     3
 Armour: Scale mail        |    31 |       ||    31
         Chain mail        |     9 |    71 ||    80
         Plate armour      |       |    25 ||    25
  Dodge: Dodged            |    36 |    44 ||    80
  Block: Buckler           |    16 |    16 ||    32

Table legend:
 A = Non-vault XP
 B = Vault XP
 C = Vault XP percentage of total XP
 D = Non-vault monster count
 E = Vault monster count
 F = Vault count percentage of total count
                 A         B        C        D         E       F
            +---------+---------+-------+---------+---------+-------
      Total |     300 |     159 |  34.6 |      76 |      18 |  19.1
            +---------+---------+-------+---------+---------+-------
        D:1 |      44 |       3 |   6.4 |      26 |       2 |   7.1
        D:2 |      34 |      37 |  52.1 |      14 |       1 |   6.7
        D:3 |      71 |      38 |  34.9 |      21 |      13 |  38.2
        D:4 |     151 |      81 |  34.9 |      15 |       2 |  11.8
            +---------+---------+-------+---------+---------+-------
